 Dungeon Crawl Stone Soup version 0.18-a0-1685-g4482fe3 (webtiles) character file.

716 dvd the Shield-Bearer (level 8, -3/61 HPs)
             Began as a Formicid Fighter on Apr 4, 2016.
             Was a Follower of Okawaru.
             Hit by a tomahawk thrown by an orc warrior (13 damage)
             ... on level 5 of the Dungeon.
             The game lasted 00:10:26 (4887 turns).

dvd the Shield-Bearer (Formicid Fighter)            Turns: 4887, Time: 00:10:26

Health: -3/61      AC:  7    Str: 26    XL:     8   Next: 1%
Magic:  8/8        EV: 11    Int:  9    God:    Okawaru [*.....]
Gold:   209        SH: 11    Dex: 11    Spells: 0 memorised, 7 levels left

rFire  . . .     SeeInvis +     a - +0 war axe
rCold  . . .     Gourm    .     A - +1 ring mail {rPois}
rNeg   + . .     Faith    .     c - +0 shield
rPois  +         Spirit   .     (helmet unavailable)
rElec  .         Dismiss  .     (no cloak)
rCorr  .         Reflect  .     (no gloves)
SustAt .         Harm     .     (no boots)
MR     .....                    (no amulet)
Stlth  +.........               H - ring of positive energy
                                (no ring)

@: mighty, not resistant to hostile enchantments, very unstealthy
A: permanent stasis, dig shafts and tunnels, four strong arms, antennae 3
a: Dig, Shaft Self, Heroism, Renounce Religion


You were on level 5 of the Dungeon.
You worshipped Okawaru.
Okawaru was aware of your devotion.
You were not hungry.

You visited 2 branches of the dungeon, and saw 8 of its levels.

You collected 209 gold pieces.

Inventory:

Hand Weapons
 a - a +0 war axe (weapon)
 b - a +0 arbalest of freezing
 m - a +0 mace
 t - a +0 trident
Missiles
 E - 45 bolts
 G - 4 tomahawks (quivered)
Armour
 c - a +0 shield (worn)
 l - a +0 chain mail
 q - a +0 plate armour
 A - a +1 ring mail of poison resistance (worn)
 D - a +0 scale mail
Jewellery
 H - a ring of positive energy (right hand)
Scrolls
 e - 2 scrolls of enchant weapon {unknown}
 g - 2 scrolls of teleportation {unknown}
 h - 2 scrolls of remove curse {unknown}
 i - 4 scrolls of identify {unknown}
 j - a scroll of fear {unknown}
 k - 2 scrolls of blinking {unknown}
 o - 3 scrolls of immolation {unknown}
 r - a scroll of fog {unknown}
 s - a scroll of recharging {unknown}
 y - a scroll of random uselessness {unknown}
Potions
 d - a potion of might
 w - a potion of ambrosia {unknown}
 x - a potion of berserk rage {unknown}
 z - a potion of invisibility {unknown}
 B - 3 potions of cure mutation {unknown}
 C - 2 potions of flight {unknown}
 F - a potion of heal wounds {unknown}
Comestibles
 f - 6 bread rations
 n - 4 meat rations
 p - 2 beef jerkies
 u - 3 fruits
 v - 2 royal jellies
 I - a chunk of flesh


   Skills:
 + Level 4.5 Fighting
 + Level 3.6 Axes
 + Level 4.8 Armour
 + Level 3.5 Dodging
 + Level 1.3 Stealth
 + Level 6.4 Shields


You had 7 spell levels left.
You didn't know any spells.

Dungeon Overview and Level Annotations

Branches:
Dungeon (7/15)             Temple (1/1) D:4

Altars:
Cheibriados
Dithmenos
Elyvilon
Fedhas
Gozag
Okawaru
Pakellas
Qazlal
Trog
Vehumet
Xom
Yredelemnul
Zin
The Shining One

Shops:
D:6 %


Innate Abilities, Weirdness & Mutations

You are under a permanent stasis effect.
You can dig through walls and to a lower floor.
Your four strong arms can wield two-handed weapons with a shield.
You have a pair of large antennae on your head (SInv).


Message History

The orc wizard blinks!
The orc warrior barely misses you.
Unknown command.
You climb upwards.
There is a stone staircase leading down here.
The orc warrior throws a tomahawk.
The tomahawk hits you but does no damage.
You see here a tomahawk.
The orc warrior throws a tomahawk.
You block the tomahawk.
You see here a tomahawk.
Drink which item? (? for menu, Esc to quit)
You feel very mighty all of a sudden.
The orc warrior throws a tomahawk.
You block the tomahawk.
Throwing (i - inventory):
G - 5 tomahawks (quivered)
Press: ? - help, Shift-Dir - straight line, f - orc warrior
Aim: an orc warrior, wielding a long sword and wearing a plate armour You throw a tomahawk.
The tomahawk hits the orc warrior but does no damage.
The orc warrior throws a tomahawk.
The tomahawk closely misses you.
The orc warrior throws a tomahawk.
The tomahawk hits you!
You die...

###### #.....
####### #.####
#.(@..#########.####
#>....'.............
#o....#########.###.
#.....#########.###.
#.....##......#.#...
#.######......#.#...
#.# #(.....#.#...
#.######......#.#...
#...............'...


You could see an orc warrior.

Vanquished Creatures
  The ghost of dvd the Shield-Bearer, an amateur FoFi (D:4)
  A black bear (D:3)
  A scorpion (D:4)
  A jelly (D:6)
  A giant frog zombie (D:6)
  An orc wizard (D:5)
  An iguana (D:4)
  Terence (D:2)
  4 worker ants
  4 gnolls (D:3)
  6 adders
  A shadow imp (D:5)
  2 adder skeletons (D:4)
  A worm (D:4)
  3 giant geckos
  12 orcs
  A giant cockroach (D:6)
  A hobgoblin (D:1)
  14 jackals
  4 quokkas
  6 bats
  3 giant newts
  8 goblins
  A jackal zombie (D:6)
  4 kobolds
  4 rats
  2 bushes (D:1)
  A plant (D:1)
90 creatures vanquished.

Notes
Turn   | Place    | Note
--------------------------------------------------------------
     0 | D:1      | dvd the Formicid Fighter began the quest for the Orb.
     0 | D:1      | Reached XP level 1. HP: 18/18 MP: 1/1
   414 | D:1      | Reached XP level 2. HP: 24/24 MP: 2/2
   507 | D:1      | Reached skill level 4 in Shields
   876 | D:2      | Found an oddly glowing altar of Pakellas.
   966 | D:2      | Noticed Terence
   990 | D:2      | Killed Terence
   990 | D:2      | Reached XP level 3. HP: 17/29 MP: 3/3
  1281 | D:2      | Reached skill level 1 in Dodging
  1281 | D:2      | Reached XP level 4. HP: 29/35 MP: 4/4
  1831 | D:3      | Found a faded altar to an unknown god.
  1838 | D:3      | Noticed a black bear
  1851 | D:3      | Killed a black bear
  1851 | D:3      | Reached skill level 5 in Shields
  1851 | D:3      | Reached XP level 5. HP: 21/42 MP: 5/5
  1909 | D:3      | Reached XP level 6. HP: 24/48 MP: 6/6
  2297 | D:3      | Found a shimmering altar of Xom.
  2297 | D:3      | Found a basalt altar of Yredelemnul.
  2977 | D:4      | Found a staircase to the Ecumenical Temple.
  2983 | Temple   | Entered the Ecumenical Temple
  3087 | Temple   | Became a worshipper of Warmaster Okawaru
  3168 | D:4      | Noticed dvd's ghost (amateur FoFi)
  3184 | D:4      | Killed dvd's ghost
  3184 | D:4      | Reached skill level 1 in Stealth
  3184 | D:4      | Reached XP level 7. HP: 18/55 MP: 7/7
  3450 | D:4      | You fall through a shaft for 3 floors!
  3522 | D:6      | Reached * piety under Okawaru
  3522 | D:6      | Reached skill level 6 in Shields
  3733 | D:5      | Entered Level 5 of the Dungeon
  4634 | D:6      | Found Padov's Food Emporium.
  4673 | D:4      | Found a glowing silver altar of Zin.
  4673 | D:4      | Found a white marble altar of Elyvilon.
  4673 | D:4      | Found a glowing golden altar of the Shining One.
  4725 | D:4      | Reached XP level 8. HP: 51/61 MP: 8/8
  4887 | D:5      | Hit by a tomahawk thrown by an orc warrior

Vault maps used:
D:1:      minmay_arrival_plants_in_alcoves, serial_forest,
          infiniplex_forest_split, infiniplex_forest_clump_small,
          infiniplex_forest_straight_2, infiniplex_forest_lined_3,
          infiniplex_forest_lined_3_way, infiniplex_forest_clump_curved
D:2:      lemuel_crystal_altar, uniq_terence
D:3:      gammafunk_temple_overflow_pools, ecumenical_altar_1,
          hangedman_decor_opposing
D:4:      good_gods_mini_temple, minmay_temple_entry_grid, serial_curves,
          eino_curves_02, eino_curves_01, eino_curves_01, minmay_misc_feat_iff
D:5:      first_bread, minmay_misc_feat_alley
D:6:      serial_shops, shop, trog_butcher_becter
D:7:      kennysheep_steamy
Temple:   circular_temple_pool_8

Skill      XL: |  1  2  3  4  5  6  7 |
---------------+----------------------+-----
Shields        | 4 5 6 |  6.4
Dodging        | 1 3 |  3.5
Fighting       | 4 |  4.5
Armour         | 4 |  4.8
Axes           | 3 |  3.6
Stealth        | 1 |  1.3

Action                   |  1- 3 |  4- 6 |  7- 9 || total
-------------------------+-------+-------+-------++-------
Melee: War axe           |   237 |   126 |   119 ||   482
 Fire: Arbalest          |       |       |     2 ||     2
Throw: Tomahawk          |       |       |     1 ||     1
  Use: Potion            |       |     2 |     1 ||     3
  Eat: Chunk             |     2 |     5 |     7 ||    14
